 Dungeon Crawl Stone Soup version 0.21.0-3-g78d12a8 (webtiles) character file.

784 MTVSty1e the Digger (level 7, -1/60 HPs)
             Began as a Green Draconian Earth Elementalist on Jan 13, 2018.
             Was a Follower of Vehumet.
             Splashed by Ijyb's acid (10 damage)
             ... on level 5 of the Dungeon.
             The game lasted 00:11:05 (4979 turns).

MTVSty1e the Digger (DrEE)                          Turns: 4979, Time: 00:11:06

Health: -1/60      AC:  4    Str: 10    XL:     7   Next: 55%
Magic:  10/10      EV: 12    Int: 17    God:    Vehumet [*.....]
Gold:   236        SH:  0    Dex: 12    Spells: 1/10 levels left

rFire    . . .     SeeInvis .   q - +4 short sword (holy)
rCold    . . .     Gourm    .   (no shield)
rNeg     . . .     Faith    .   (armour unavailable)
rPois    +         Spirit   .   (helmet restricted)
rElec    .         Reflect  .   j - +0 cloak
rCorr    .         Harm     .   (no gloves)
MR       .....                  t - +0 pair of boots
Stlth    +++.......             (no amulet)
HPRegen  0.20/turn              (no ring)
MPRegen  0.12/turn              o - ring of stealth

@: about to teleport, corroded
A: breathe noxious fumes, unfitting armour, poison resistance, cold-blooded, AC
+6
a: Breathe Noxious Fumes, Renounce Religion


You were on level 5 of the Dungeon.
You worshipped Vehumet.
Vehumet was aware of your devotion.
You were not hungry.

You visited 1 branch of the dungeon, and saw 5 of its levels.

You collected 236 gold pieces.

Inventory:

Hand Weapons
 m - a +0 short sword
 q - a +4 short sword of holy wrath (weapon)
Missiles
 b - 120 stones (quivered)
Armour
 j - a +0 cloak (worn)
 t - a +0 pair of boots (worn)
Jewellery
 h - a cursed ring of loudness {unknown}
 l - an uncursed amulet of guardian spirit
 o - a ring of stealth (right hand)
Wands
 s - a wand of flame (10)
Scrolls
 a - 2 scrolls of fog
 e - a scroll of magic mapping {unknown}
 f - 4 scrolls of remove curse
 i - a scroll of enchant armour {unknown}
Potions
 k - a potion of magic {unknown}
 n - a potion of berserk rage {unknown}
 p - a potion of heal wounds
 r - a potion of haste {unknown}
Books
 d - a book of Geomancy

   Spells                             Type                      Level
   a - Sandblast                      Earth                        1
   b - Passwall                       Transmutation/Earth          2
   c - Stone Arrow                    Conjuration/Earth            3
   d - Petrify                        Transmutation/Earth          4
   e - Lee's Rapid Deconstruction     Earth                        5
Comestibles
 c - 5 rations


   Skills:
 + Level 4.3 Fighting
 - Level 1.7 Dodging
 - Level 1.7 Stealth
 + Level 3.9 Unarmed Combat
 - Level 2.0 Spellcasting
   Level 1.0 Transmutations
 * Level 6.7 Earth Magic


You had one spell level left.
You knew the following spells:

 Your Spells              Type           Power        Failure   Level  Hunger
a - Sandblast             Erth           ###...       1%          1    #......
b - Lee's Rapid Deconstr  Erth           ###.......   32%         5    ######.
c - Stone Arrow           Conj/Erth      ##....       14%         3    ###....


Dungeon Overview and Level Annotations

Branches:
Dungeon (5/15)             Temple (0/1) D:5

Altars:
Ashenzari
Qazlal
Ru
Vehumet
Zin

Annotations:
D:4 Feta's ghost, amateur OgHu
D:5 Ijyb


Innate Abilities, Weirdness & Mutations

You can breathe blasts of noxious fumes.
Your lurid green scales are hard. (AC +6)
You cannot fit into any form of body armour.
Your system is resistant to poisons. (rPois)
You are cold-blooded and may be slowed by cold attacks.


Message History

A phantom is nearby!
A phantom is nearby!
Ijyb the Twisted Goblin comes into view.
She is wielding a dagger of protection.
Ijyb shouts!
The phantom blinks!
Ijyb screams, "Die!"
Ijyb zaps a wand.
The bolt of acid hits you! The acid corrodes you!
You are splashed with acid!
The acid burns!
It is a wand of acid (8).
You are too injured to fight recklessly!
You are too injured to fight recklessly!
You are too injured to fight recklessly!
You are too injured to fight recklessly!
You are too injured to fight recklessly!
As you read the scroll of teleportation, it crumbles to dust.
You feel strangely unstable.
The phantom blinks!
The phantom blinks!
The phantom hits you!
Ijyb zaps a wand.
The bolt of acid hits you!
* * * LOW HITPOINT WARNING * * *
You are splashed with acid!
The acid burns!
You die...

...###..# ##.....## ##.#..##
...##.# #####.## #..#
############ ##.####
#..........# ####
#....######..........#
...######......(@...g.....#
##..############.W........#
###.##....................#
.......#########.ยง....>...#
.##....### #..........#
######...# ############
########.######
..............#
###############


You could see a phantom and Ijyb.

Vanquished Creatures
  Sigmund (D:2)
  2 phantoms (D:4)
  A howler monkey (D:4)
  A gnoll shaman (D:4)
  2 orc wizards (D:4)
  An iguana (D:5)
  4 worker ants
  5 gnolls
  8 adders
  A shadow imp (D:5)
  An ooze (D:1)
  An adder skeleton (D:4)
  A worm (D:2)
  2 dart slugs
  2 orcs
  5 giant cockroaches
  4 goblins
  3 hobgoblins
  9 jackals
  4 quokkas
  3 ball pythons
  4 bats
  2 frilled lizards (D:1)
  8 kobolds
  A quokka skeleton (D:4)
  6 rats
82 creatures vanquished.

Notes
Turn   | Place    | Note
-------+----------+-------------------------------------------
     0 | D:1      | MTVSty1e the Draconian Earth Elementalist began the quest for the Orb.
     0 | D:1      | Reached XP level 1. HP: 14/14 MP: 3/3
   318 | D:1      | Reached XP level 2. HP: 19/22 MP: 3/5
   388 | D:1      | Reached skill level 1 in Fighting
   393 | D:1      | Reached skill level 1 in Unarmed Combat
   771 | D:1      | Reached XP level 3. HP: 28/28 MP: 2/6
  1067 | D:2      | Noticed Sigmund
  1081 | D:2      | Killed Sigmund
  1081 | D:2      | Reached skill level 4 in Earth Magic
  1081 | D:2      | Reached XP level 4. HP: 37/37 MP: 0/7
  1081 | D:2      | Reached XP level 5. HP: 42/42 MP: 0/8
  1238 | D:2      | Found a shattered altar of Ashenzari.
  1506 | D:2      | Found a sacrificial altar of Ru.
  1990 | D:3      | Learned a level 5 spell: Lee's Rapid Deconstruction
  2090 | D:3      | Reached skill level 5 in Earth Magic
  2761 | D:3      | Found a radiant altar of Vehumet.
  2765 | D:3      | Found a stormy altar of Qazlal.
  2768 | D:3      | Found a glowing silver altar of Zin.
  2783 | D:3      | Became a worshipper of Vehumet
  3008 | D:4      | Reached XP level 6. HP: 48/51 MP: 9/9
  3139 | D:4      | Noticed Feta's ghost (amateur OgHu)
  3604 | D:4      | Reached skill level 6 in Earth Magic
  3608 | D:4      | Your scales start taking on a lurid green colour.
  3608 | D:4      | Reached XP level 7. HP: 53/58 MP: 6/10
  3608 | D:4      | Gained mutation: Your system is resistant to poisons. (rPois) [Green Draconian growth]
  4387 | D:5      | Entered Level 5 of the Dungeon
  4543 | D:5      | Found a staircase to the Ecumenical Temple.
  4605 | D:5      | Reached * piety under Vehumet
  4605 | D:5      | Offered knowledge of Shock by Vehumet.
  4650 | D:5      | Learned a level 3 spell: Stone Arrow
  4973 | D:5      | Noticed Ijyb
  4979 | D:5      | Splashed by Ijyb's acid

Skill      XL: |  1  2  3  4  5  6  7 |
---------------+----------------------+-----
Fighting       | 1 2 3 4 |  4.3
Unarmed Combat | 1 2 3 |  3.9
Earth Magic    | 4 5 6 |  6.7
Dodging        | |  1.7
Stealth        | |  1.7
Spellcasting   | |  2.0
Transmutations | |  1.0

Action                   |  1- 3 |  4- 6 |  7- 9 || total
-------------------------+-------+-------+-------++-------
Melee: Unarmed           |    47 |       |       ||    47
       Tailslap          |     6 |    15 |     6 ||    27
       Short sword       |     9 |   173 |    65 ||   247
 Cast: Sandblast         |    25 |    18 |    14 ||    57
       Lee's Rapid Decon |       |       |     2 ||     2
 Abil: Breathe Noxious F |       |       |     2 ||     2
  Use: Potion            |     2 |     1 |     3 ||     6
       Scroll            |       |     8 |     2 ||    10
 Stab: Sleeping          |     2 |     7 |     5 ||    14
       Invisible         |       |       |     1 ||     1
  Eat: Chunk             |       |     2 |     4 ||     6
       Ration            |       |     2 |     1 ||     3
Armor: Skin              |    20 |    55 |    32 ||   107
Dodge: Dodged            |    43 |   105 |    50 ||   198
